 Dungeon Crawl Stone Soup version 0.31-a0-365-gcf821cafb2 (webtiles) character file.

Game seed: 5944400337406287466

7497 Maxmaps the Skirmisher (level 11, -9/72 HPs)
             Began as an Octopode Shapeshifter on July 27, 2023.
             Was an Initiate of Gozag.
             Mangled by a tengu warrior
             ... wielding a +0 glaive
              (18 damage)
             ... on level 9 of the Dungeon.
             The game lasted 00:19:22 (10861 turns).

Maxmaps the Skirmisher (Octopode Shapeshifter)     Turns: 10861, Time: 00:19:23

Health: -9/72      AC:  5    Str: 22    XL:     11   Next: 16%
Magic:  11/11      EV: 13    Int: 14    God:    Gozag
Gold:   336        SH: 13    Dex: 12    Spells: 10/10 levels left

rFire   . . .        u - +2 hand crossbow (flame)
rCold   + . .        g - +3 kite shield {reflect}
rNeg    . . .        (helmet currently unavailable)
rPois   .            (no amulet)
rElec   .            d - +6 ring of strength
rCorr   .            y - ring of protection from cold
SInv    .            A - +4 ring of protection
Will    .....        C - +4 ring of slaying
Stlth   +++++        (no ring)
HPRegen 0.32/turn    (no ring)
MPRegen 0.12/turn    (no ring)
                     (no ring)

%: reflection
@: beast-form, mesmerised, hasted, very quick
A: beast (slay +2), almost no armour, amphibious, 8 rings, camouflage 1,
gelatinous body 1, (nimble swimmer 1), tentacles
a: Begin Untransformation, Renounce Religion, Potion Petition, Call Merchant,
Bribe Branch


You were on level 9 of the Dungeon.
You worshipped Gozag.
Gozag was aware of your devotion.
You were a hulking beast.
You visited 1 branch of the dungeon, and saw 10 of its levels.
You also visited: Bailey.

You collected 1413 gold pieces.
You spent 757 gold pieces at shops.
You paid 320 gold pieces to Gozag.

Inventory:

Hand Weapons
 u - a +2 hand crossbow of flaming (weapon)
 B - a +0 hand crossbow of freezing
Armour
 g - a +3 kite shield of reflection (worn)
Magical Staves
 w - the staff "Murph" {rPois Int+2 Poison}
   (You found it in a bailey)

   [staff of poison]

   Base accuracy: +5 Base damage: 5 Base attack delay: 1.2 This weapon's minimum
   attack delay (0.6) is reached at skill level 12.
   Int:       It affects your intelligence (+2).
   rPois:     It protects you from poison.
   Poison:    It increases the power of your Poison spells.
   It falls into the 'Staves' category.
   It is a one-tentacled weapon.
Jewellery
 d - a +6 ring of strength (left tentacle)
 y - a ring of protection from cold (right tentacle)
 A - a +4 ring of protection (on tentacle)
 C - a +4 ring of slaying (on tentacle)
Talismans
 b - a beast talisman
Wands
 i - a wand of paralysis (8)
 n - a wand of flame (19)
 r - a wand of light (11)
 z - a wand of mindburst (10)
Scrolls
 a - a scroll of enchant armour
 f - 2 scrolls of revelation
 k - 4 scrolls of teleportation
 p - a scroll of fog
 v - a scroll of identify
 x - a scroll of vulnerability
 D - a scroll of enchant weapon
Potions
 c - 4 potions of brilliance
 e - a potion of might
 h - 2 potions of resistance
 j - 3 potions of curing
 l - 2 potions of enlightenment
 m - 2 potions of attraction
 q - 3 potions of cancellation
 s - a potion of mutation


   Skills:
 - Level 5.3 Fighting
 + Level 10.5 Ranged Weapons
 - Level 5.3 Dodging
 - Level 8.5 Stealth
 - Level 8.1 Shields
 - Level 5.1 Unarmed Combat
 - Level 3.0 Shapeshifting


You had 10 spell levels left.
You didn't know any spells.
Your spell library contained the following spells:

 Spells                   Type           Power      Damage    Failure   Level
 Foxfire                  Conj/Fire      0%         2x1d4     50%         1
 Summon Small Mammal      Summ           0%         N/A       50%         1
 Call Canine Familiar     Summ           0%         N/A       86%         3
 Summon Guardian Golem    Hex/Summ       0%         N/A       86%         3
 Orb of Destruction       Conj           0%         9d5       100%        7
 Spellforged Servitor     Conj/Summ      0%         N/A       100%        7


Dungeon Overview and Level Annotations

Branches:
Dungeon (10/15)            Temple (0/1) D:7          Bailey (visited)
   Lair: D:8-11         Orc: D:9-12

Altars:
Cheibriados
Elyvilon
Fedhas
Gozag
Kikubaaqudgha
Makhleb
Nemelex Xobeh
Qazlal
Sif Muna
Uskayaw
Yredelemnul
Zin

Shops:
D:5 *   D:7 *   D:10 [!*

Annotations:
D:9 Maggie


Innate Abilities, Weirdness & Mutations

You are a hulking beast.
Your limbs bulge with bestial killing power. (Slay +2)
You cannot wear most types of armour.
You are amphibious.
You can wear up to eight rings at the same time.
Your skin changes colour to match your surroundings (Stealth+).
Your rubbery body absorbs attacks. (AC +1, EV +1)
((You are camouflaged when in or above water. (Stealth+)))
You have tentacles for arms and can constrict up to eight enemies at once.


Message History

Okay, then. [a] - 504 gold - haste, might and brilliance [b] - 275 gold - curing and magic [c] - 896 gold - invisibility, might, haste and resistance Purchase which effect?
You no longer have enough gold to petition Gozag for potion effects.
You feel better. Magic courses through your body.
Fire: u) +2 hand crossbow (flame)
Press: ? - help, Shift-Dir - straight line, f/p - Maggie
Aim: Maggie, wielding a +0 war axe, wearing +0 steam dragon scales and carrying a wand of flame (lightly wounded, mesmerising, 73% to hit)
You shoot a bolt.
The bolt closely misses the tengu warrior.
The bolt hits Maggie!!
The bolt burns Maggie!
Maggie is severely wounded.
The tengu warrior hits you with a +0 glaive!
* * * LOW HITPOINT WARNING * * *
You block the tengu warrior's attack. The tengu warrior claws you.
* * * LOW HITPOINT WARNING * * *
Unknown command.
Fire: u) +2 hand crossbow (flame)
Press: ? - help, Shift-Dir - straight line, f/p - Maggie
Aim: Maggie, wielding a +0 war axe, wearing +0 steam dragon scales and carrying a wand of flame (severely wounded, mesmerising, 73% to hit)
You shoot a bolt. The bolt hits the tengu warrior!
The bolt burns the tengu warrior.
The tengu warrior is severely wounded.
You block the tengu warrior's attack. The tengu warrior pecks you.
* * * LOW HITPOINT WARNING * * *
The tengu warrior closely misses you.
You need at least 400 gold to purchase potions right now!
Fire: u) +2 hand crossbow (flame)
Press: ? - help, Shift-Dir - straight line, f/p - Maggie
Aim: Maggie, wielding a +0 war axe, wearing +0 steam dragon scales and carrying a wand of flame (severely wounded, mesmerising, 73% to hit)
You shoot a bolt.
The bolt closely misses the tengu warrior.
The bolt barely misses Maggie.
The bolt hits the tengu conjurer!
The bolt burns the tengu conjurer.
The tengu conjurer is moderately wounded.
The tengu warrior hits you with a +0 glaive!!
You die...
Your body crumbles into a pile of gold.

#..# #.#...........#
#..# #.#.#####.#####
#..#.######.#.......#
#..#.......?@...Q.#.#
#..########.###.###.#
#..#........# #.# #..
#........)..# #.#
####
#.##.....#.####.#
#.........Q@Qh#..
#.######.######.# ###
### ###


You could see a tengu warrior, Maggie (mesmerising) and a tengu conjurer.

Vanquished Creatures
  Amaemon (D:8)
  Joseph (D:8)
  An orange demon (D:8)
  2 hornets
  Prince Ribbit (D:8)
  Sigmund (D:2)
  9 yaks
  2 wyverns
  Grum (D:8)
  A steam dragon (D:7)
  Edmund (D:4)
  An acid dragon (D:9)
  6 orc warriors
  3 ice beasts
  A centaur (D:8)
  An ogre (D:7)
  4 wolves (D:8)
  A phantom (D:4)
  4 kobold brigands
  A scorpion (D:5)
  5 bullfrogs
  A wight (D:7)
  A crimson imp (D:7)
  3 jellies
  Crazy Yiuf (D:3)
  A gnoll bouda (D:6)
  6 orc priests
  A hound (D:5)
  5 orc wizards
  5 iguanas
  3 sleepcaps
  Robin (D:3)
  5 gnolls
  6 adders
  6 white imps
  3 ufetubi
  A worm (D:2)
  2 dart slugs
  33 orcs
  6 bats
  5 endoplasms
  A giant cockroach (D:4)
  20 goblins
  17 hobgoblins
  3 jackals (D:3)
  5 quokkas
  3 ball pythons
  3 frilled lizards
  39 kobolds
  4 rats
238 creatures vanquished.

Vanquished Creatures (others)
  A deep elf pyromancer (D:8)
1 creature vanquished.

Grand Total: 239 creatures vanquished

Notes
Turn   | Place    | Note
-------+----------+-------------------------------------------
     0 | D:1      | Maxmaps the Octopode Shapeshifter began the quest for the
                  | Orb.
     0 | D:1      | Reached XP level 1. HP: 13/13 MP: 1/1
   172 | D:1      | Reached XP level 2. HP: 19/19 MP: 2/2
   875 | D:2      | Reached XP level 3. HP: 19/26 MP: 3/3
   920 | D:2      | Found a faded altar of an unknown god.
   924 | D:2      | Got Plato's Guide on Assaults
   926 | D:2      | Noticed Sigmund
   945 | D:2      | Killed Sigmund
   946 | D:2      | Reached skill level 5 in Fighting
   946 | D:2      | Reached XP level 4. HP: 15/35 MP: 4/4
   946 | D:2      | Reached XP level 5. HP: 17/39 MP: 5/5
  1608 | D:3      | Noticed Robin
  1634 | D:2      | Reached XP level 6. HP: 9/45 MP: 6/6
  2240 | D:3      | Killed Robin
  3221 | D:3      | Found a runed translucent door.
  3222 | D:3      | Noticed Crazy Yiuf
  3233 | D:3      | Killed Crazy Yiuf
  3234 | D:3      | Reached skill level 5 in Unarmed Combat
  3405 | D:4      | Noticed Edmund
  3432 | D:4      | Killed Edmund
  3433 | D:4      | Reached XP level 7. HP: 11/50 MP: 7/7
  3847 | D:4      | Found a white marble altar of Elyvilon.
  3914 | D:4      | Found a basalt altar of Yredelemnul.
  4139 | D:4      | Found a shimmering blue altar of Sif Muna.
  4209 | D:5      | Entered Level 5 of the Dungeon
  4300 | D:5      | Identified a scroll of acquirement
  4300 | D:5      | Acquired a +2 kite shield of reflection
  4339 | D:5      | Noticed a hornet
  4340 | D:5      | Reached skill level 5 in Dodging
  4510 | D:5      | HP: 1/50 [ice beast (8)]
  4518 | D:5      | Reached XP level 8. HP: 4/55 MP: 8/8
  4749 | D:5      | Noticed a yak
  4749 | D:5      | Noticed a yak
  4750 | D:5      | Noticed a yak
  4750 | D:5      | Noticed a yak
  4750 | D:5      | Noticed a yak
  5210 | D:5      | Killed a hornet
  5221 | D:5      | Reached skill level 5 in Shields
  5310 | D:5      | Found an opulent altar of Gozag.
  5357 | D:5      | Became a worshipper of Gozag Ym Sagoz the Greedy
  5551 | D:5      | Found Obladoz's General Store.
  5559 | D:5      | Bought a potion of lignification for 45 gold pieces
  5560 | D:5      | Bought a scroll of identify for 30 gold pieces
  5572 | D:5      | Killed a yak
  5578 | D:5      | Killed a yak
  5583 | D:5      | Killed a yak
  5584 | D:5      | Reached XP level 9. HP: 61/61 MP: 9/9
  6280 | D:6      | Reached skill level 1 in Stealth
  6769 | D:6      | Reached skill level 5 in Stealth
  6950 | D:7      | Found a flagged portal.
  7226 | Bailey   | Entered a bailey
  7231 | Bailey   | Noticed an orc warlord
  7382 | Bailey   | Found a runed translucent gate.
  7385 | Bailey   | Found a runed translucent gate.
  7453 | Bailey   | Found a runed translucent gate.
  8031 | Bailey   | Identified the staff "Murph" {rPois Int+2 Poison}
  8053 | D:7      | Found a staircase to the Ecumenical Temple.
  8082 | D:7      | Acquired a +2 hand crossbow of flaming
  8098 | D:7      | Found a snail-covered altar of Cheibriados.
  8109 | D:7      | Reached skill level 1 in Ranged Weapons
  8172 | D:7      | Found a hide-covered altar of Uskayaw.
  8172 | D:7      | Found a burning altar of Makhleb.
  8280 | D:7      | Found Dec Byiff's Assorted Antiques.
  8289 | D:7      | Bought a scroll of identify for 64 gold pieces
  8289 | D:7      | Bought a tubular moonstone ring for 160 gold pieces
  8289 | D:7      | Bought a sharpened gold wand for 128 gold pieces
  8355 | D:7      | Reached skill level 2 in Ranged Weapons
  8447 | D:7      | Reached skill level 3 in Ranged Weapons
  8447 | D:7      | Reached XP level 10. HP: 66/66 MP: 10/10
  8473 | D:7      | Reached skill level 4 in Ranged Weapons
  8753 | D:8      | Noticed an orange demon
  8754 | D:8      | Noticed Amaemon
  8758 | D:8      | Killed an orange demon
  8759 | D:8      | Reached skill level 5 in Ranged Weapons
  8944 | D:8      | Noticed Grum
  8952 | D:8      | HP: 1/66 [wolf[Grum] (7)]
  8961 | D:8      | Killed Grum
  8974 | D:8      | Reached skill level 6 in Ranged Weapons
  9104 | D:8      | You fall into a shaft and drop 2 floors!
  9104 | D:10     | Entered Level 10 of the Dungeon
  9111 | D:10     | Found Ewnuhorgh's Distillery.
  9114 | D:10     | Bought a potion of curing for 30 gold pieces
  9114 | D:10     | Bought a potion of heal wounds for 50 gold pieces
  9114 | D:10     | Bought a potion of haste for 100 gold pieces
  9114 | D:10     | Bought a potion of resistance for 100 gold pieces
  9114 | D:10     | Bought a potion of heal wounds for 50 gold pieces
  9121 | D:10     | Found an ancient bone altar of Kikubaaqudgha.
  9252 | D:10     | Found Picwud's General Store.
  9293 | D:10     | Noticed a manticore
  9353 | D:10     | Found Eptis's Antique Armour Shop.
  9407 | D:9      | Noticed Maggie
  9413 | D:8      | Noticed a deep elf pyromancer
  9417 | D:8      | Killed a deep elf pyromancer
  9418 | D:8      | Reached skill level 7 in Ranged Weapons
  9553 | D:8      | Killed Amaemon
  9554 | D:8      | Reached skill level 8 in Ranged Weapons
  9999 | D:8      | Found a blossoming altar of Fedhas.
 10001 | D:8      | Found a glowing silver altar of Zin.
 10001 | D:8      | Found a stormy altar of Qazlal.
 10002 | D:8      | Found a sparkling altar of Nemelex Xobeh.
 10066 | D:8      | Noticed Prince Ribbit
 10069 | D:8      | Killed Prince Ribbit
 10161 | D:8      | Noticed Joseph
 10164 | D:8      | Killed Joseph
 10165 | D:8      | Reached skill level 9 in Ranged Weapons
 10348 | D:9      | Reached XP level 11. HP: 69/72 MP: 11/11
 10354 | D:9      | Reached skill level 10 in Ranged Weapons
 10526 | D:9      | Paralysed by a hornet for 3 turns
 10552 | D:9      | Noticed a tengu warrior
 10861 | D:9      | Mangled by a tengu warrior

Illustrated notes

Levels and vault maps discovered:
D:1:      minmay_arrival_jagged, layout_basic
D:2:      minmay_skewed_foursquare, layout_rooms,
          shapermc_ecumenical_altar_rom_forum, uniq_sigmund
D:3:      layout_basic, uniq_robin, uniq_crazy_yiuf_cottage
D:4:      layout_rooms, kennysheep_ying_yang, nicolae_sif_muna_little_library,
          uniq_edmund
D:5:      layout_rooms, mainiacjoe_overflow_brackets, serial_shops, shop
D:6:      layout_basic, grunt_ministairs_14
D:7:      layout_cave_pools, lemuel_crystal_altar, jmf_multi_god_temple,
          minmay_temple_entry_large_hall, enter_bailey_6, nicolae_stop_n_shop_2,
          minmay_fire_ice_demons
D:8:      layout_basic, minitemple, guppyfry_early_elven_hall, uniq_amaemon,
          uniq_grum, uniq_prince_ribbit1, uniq_joseph
D:9:      minmay_bubble_buster, layout_basic, orc_0_dummy,
          gammafunk_ghost_spectres, minmay_misc_feat_iff, uniq_maggie,
          uniq_maurice, uniq_pikel
D:10:     minmay_the_grid_triangle_9x9_rhombus_thin_mashed
          [minmay_the_grid_triangle_9x9_impossible_snake,
          minmay_the_grid_triangle_9x9_prize_top_heavy,
          minmay_the_grid_triangle_9x9_warning,
          minmay_the_grid_triangle_9x9_thin_v], layout_irregular_city,
          lemuel_doored_altar, serial_shops, shop, shop,
          nicolae_take_the_stairs, shop, nicolae_shop_tiny_real_fake_doors,
          serial_glass, glass_columns_b, glass_columns_b, glass_columns_b,
          glass_columns_a, glass_columns_a, grunt_potential

Skill      XL: |  1  2  3  4  5  6  7  8  9 10 11 |
---------------+----------------------------------+-----
Fighting       | 2 3 5 |  5.3
Unarmed Combat | 5 |  5.1
Dodging        | 3 5 |  5.3
Shields        | 2 7 8 |  8.1
Stealth        | 8 |  8.5
Ranged Weapons | 3 9 10 | 10.5
Shapeshifting  | |  3.0

Action                     |  1- 3 |  4- 6 |  7- 9 | 10-12 || total
---------------------------+-------+-------+-------+-------++-------
  Melee: Unarmed           |    40 |   129 |   266 |       ||   435
         Constrict         |    12 |    34 |    58 |       ||   104
         Tentacles         |     6 |    24 |    55 |       ||    85
         Punch             |       |     2 |    16 |       ||    18
   Fire: Hand crossbow     |       |       |    32 |   139 ||   171
 Invoke: Potion Petition   |       |       |       |     1 ||     1
    Use: Potion            |       |     1 |     3 |     8 ||    12
         Scroll            |       |       |    22 |     8 ||    30
   Stab: Sleeping          |     5 |     7 |     6 |       ||    18
         Distracted        |       |       |     3 |       ||     3
 Armour: Skin              |       |    21 |    27 |    11 ||    59
  Dodge: Dodged            |    16 |    61 |    84 |    59 ||   220
  Block: Kite shield       |       |       |   121 |    94 ||   215
         Reflection        |       |       |    13 |     8 ||    21

Table legend: (Time is in decaauts)
 A = Elapsed time spent in this place.
 B = Non-inter-level travel time spent in this place.
 C = Inter-level travel time spent in this place.
 D = Time resting spent in this place.
 E = Time spent auto-exploring this place.
 F = Levels seen in this place.
 G = Mean time per level.
                   A        B        C        D        E       F      G
               +--------+--------+--------+--------+--------+-----+--------+
         Total |  10988 |  10468 |    520 |   2934 |   5507 |  11 |  998.9 |
       Dungeon |  10174 |   9654 |    520 |   2634 |   5301 |  10 | 1017.4 |
        Bailey |    813 |    813 |      0 |    300 |    206 |   1 |  813.0 |
               +--------+--------+--------+--------+--------+-----+--------+

Top non-repeatable levels by time:
     D:8: 1726 daAuts
     D:2: 1486 daAuts
     D:5: 1412 daAuts
     D:6: 1317 daAuts
     D:3: 1102 daAuts
     D:4: 977 daAuts
     D:1: 814 daAuts
  Bailey: 813 daAuts
     D:7: 778 daAuts
    D:10: 297 daAuts
     D:9: 262 daAuts
